 Dungeon Crawl Stone Soup version 0.24.0-13-gcf9b3192b9 (webtiles) character file.

Game seed: 17098075956682659242, levelgen mode: deterministic

12091 Gildeon the Slinger (level 11, -1/55 HPs)
             Began as a Spriggan Hunter on Nov 6, 2019.
             Was an Elder of Nemelex Xobeh.
             Killed from afar by a manticore (11 damage)
             ... with a volley of spikes
             ... on level 11 of the Dungeon on Nov 7, 2019.
             The game lasted 00:59:01 (14687 turns).

Gildeon the Slinger (Spriggan Hunter)              Turns: 14687, Time: 00:59:03

Health: -1/55      AC:  4    Str: 10    XL:     11   Next: 57%
Magic:  19/19      EV: 28    Int: 11    God:    Nemelex Xobeh [****..]
Gold:   984        SH:  3    Dex: 25    Spells: 17/20 levels left

rFire    x . .     SeeInvis +   a - +2 hunting sling (flame)
rCold    + . .     Gourm    .   (shield restricted)
rNeg     . . .     Faith    .   n - +2 robe {MR+}
rPois    +         Spirit   .   (helmet restricted)
rElec    +         Reflect  +   (no cloak)
rCorr    .         Harm     .   (gloves unavailable)
MR       ++...                  (boots unavailable)
Stlth    +++++.....             l - +3 amulet of reflection
HPRegen  0.18/turn              z - ring "Baagral" {+Fly rElec rPois MR- SInv}
MPRegen  0.16/turn              u - ring of Arrival {Ice MR+ Int-2 Dex+7 SInv}

@: barbed spikes, very quick
A: very small, unfitting armour, see invisible, herbivore, speed 3, slow
metabolism 2
a: Draw Escape, Draw Destruction, Draw Summoning, Triple Draw, Deal Four,
Renounce Religion, Evoke Flight


You were on level 11 of the Dungeon.
You worshipped Nemelex Xobeh.
Nemelex Xobeh was greatly pleased with you.
You were not hungry.

You visited 2 branches of the dungeon, and saw 12 of its levels.

You collected 984 gold pieces.

Inventory:

Hand Weapons
 a - a +2 hunting sling of flaming (weapon)
 b - a +0 dagger of holy wrath
 c - a +1 dagger of speed
 C - the cursed +0 dagger of Valiance {pierce, rF++ Str+4, unknown}
   (You found it on level 8 of the Dungeon)

   It inflicts extra damage upon your enemies.
   It affects your strength (+4).
   It greatly protects you from fire.
   It has a curse placed upon it.
 R - a +4 dagger of venom
Missiles
 h - 574 stones
 i - 27 poisoned darts
 x - 13 sling bullets (quivered)
Armour
 n - a +2 robe of magic resistance (worn)
 H - +0 fire dragon scales
 N - +0 acid dragon scales
 P - a +0 robe of the Archmagi
Jewellery
 d - an uncursed ring of stealth {unknown}
 e - an uncursed amulet of regeneration
 l - a +3 amulet of reflection (around neck)
 u - the ring of Arrival (right hand) {Ice MR+ Int-2 Dex+7 SInv}
   (You took it off an orc on level 4 of the Dungeon)

   [ring of ice]

   It enhances your ice magic.
   It affects your intelligence (-2).
   It affects your dexterity (+7).
   It makes you vulnerable to fire.
   It protects you from cold.
   It affects your resistance to hostile enchantments.
   It lets you see invisible.
 z - the ring "Baagral" (left hand) {+Fly rElec rPois MR- SInv}
   (You found it on level 4 of the Dungeon)

   [ring of flight]

   It insulates you from electricity.
   It protects you from poison.
   It affects your resistance to hostile enchantments.
   It lets you see invisible.
   It lets you fly.
 J - an uncursed amulet of guardian spirit {unknown}
 M - an uncursed amulet of faith {unknown}
Wands
 y - a wand of flame (34)
 A - a wand of polymorph (17)
 D - a wand of iceblast (5)
 G - a wand of acid (12)
 L - a wand of paralysis (3)
Scrolls
 g - a scroll of blinking
 r - 4 scrolls of magic mapping
 E - a scroll of acquirement {unknown}
 F - 2 scrolls of teleportation
 I - a scroll of amnesia
 K - a scroll of remove curse
 O - 2 scrolls of fear {unknown}
 Q - a scroll of brand weapon {unknown}
 S - a scroll of vulnerability {unknown}
Potions
 j - 2 potions of invisibility
 k - 3 potions of brilliance
 m - 2 potions of agility
 o - 2 potions of ambrosia
 p - 3 potions of heal wounds
 q - 3 potions of flight
 s - a potion of lignification
 t - 3 potions of might
 v - a potion of mutation
 w - 6 potions of curing
 B - a potion of magic
Comestibles
 f - 20 rations


   Skills:
 - Level 5.0 Fighting
 - Level 10.0 Short Blades
 - Level 12.0 Slings
 + Level 9.4 Dodging
 + Level 9.9 Stealth
 - Level 5.0 Spellcasting
 + Level 0.5 Conjurations
 - Level 5.0 Invocations
 - Level 5.1 Evocations


You had 17 spell levels left.
You knew the following spells:

 Your Spells              Type           Power        Failure   Level  Hunger
a - Magic Dart            Conj           #...         17%         1    None
b - Confusing Touch       Hex            #.....       22%         1    None
c - Corona                Hex            #......      22%         1    None

Your spell library contained the following spells:

 Spells                   Type           Power        Failure   Level  Hunger
 Animate Skeleton         Necr           N/A          22%         1    None
 Apportation              Tloc           #.....       22%         1    None
 Summon Small Mammal      Summ           #...         22%         1    None
 Blink                    Tloc           N/A          32%         2    ##.....
 Call Imp                 Summ           #.......     32%         2    ##.....
 Ensorcelled Hibernation  Hex/Ice        #.....       32%         2    ##.....
 Slow                     Hex            #.......     32%         2    ##.....
 Conjure Flame            Conj/Fire      #.......     50%         3    ###....
 Dazzling Spray           Conj/Hex       #.....       50%         3    ###....
 Mephitic Cloud           Conj/Pois/Air  #.......     52%         3    ###....
 Call Canine Familiar     Summ           #.......     54%         3    ###....
 Confuse                  Hex            #.......     54%         3    ###....
 Summon Guardian Golem    Hex/Summ       #.......     54%         3    ###....
 Tukima's Dance           Hex            #.......     54%         3    ###....
 Summon Ice Beast         Ice/Summ       #.......     91%         4    ####...
 Summon Lightning Spire   Summ/Air       #.......     91%         4    ####...


Dungeon Overview and Level Annotations

Branches:
Dungeon (11/15)            Temple (1/1) D:7            Lair (0/6) D:10
    Orc (0/2) D:9

Altars:
Ashenzari
Cheibriados
Dithmenos
Elyvilon
Fedhas
Gozag
Hepliaklqana
Kikubaaqudgha
Makhleb
Nemelex Xobeh
Okawaru
Qazlal
Ru
Sif Muna
Trog
Uskayaw
Vehumet
Wu Jian
Xom
Yredelemnul
Zin
The Shining One

Annotations:
D:9 3 runed translucent doors, tonywhite87's ghost, journeyman GrFi
D:10 Erica
D:11 3 runed translucent doors, Fuosour's ghost, journeyman HOBe


Innate Abilities, Weirdness & Mutations

You are very small and have problems with some larger weapons.
You are too small for most types of armour.
You have supernaturally acute eyesight. (SInv)
You are a herbivore.
You cover ground extremely quickly.
You need to consume almost no food.


Message History

The manticore is heavily wounded.
The manticore flicks its tail.
The volley of spikes misses you.
Firing (i - inventory. (/) - cycle)
x - 15 sling bullets (quivered)
Press: ? - help, Shift-Dir - straight line, f/p - manticore
Aim: a manticore (heavily wounded)
You shoot a sling bullet. The sling bullet hits the manticore!
The sling bullet burns the manticore.
The manticore is severely wounded.
Firing (i - inventory. (/) - cycle)
x - 14 sling bullets (quivered)
Press: ? - help, Shift-Dir - straight line, f/p - manticore
Aim: a manticore (severely wounded)
You shoot a sling bullet. The sling bullet hits the manticore.
The sling bullet burns the manticore.
The manticore is severely wounded.
The manticore flicks its tail.
The volley of spikes hits you!
The barbed spikes become lodged in your body.
You die...
Your body glows with a rainbow of weird colours and disappears.

#..#..............##
##................#
#...............##
##..............#
#......##....###
##...........#
#...........#
##.#...._...#
#...#@.#.......#
#...##.##.....##
....#.(#######
#..##..## #(..#(.(#
..##(.##H##
H....y.#).#
..o.....#.#
#########..#


You could see a manticore.

Vanquished Creatures
  A hydra (D:11)
  A two-headed ogre (D:10)
  Nergalle (D:11)
  An orb spider (D:11)
  Joseph (D:8)
  A kobold demonologist (D:11)
  An efreet (D:11)
  2 hornets
  2 hippogriffs
  2 vampires (D:9)
  4 wyverns
  Menkaure (D:4)
  An acid dragon (D:10)
  A sky beast (D:7)
  3 orc warriors (D:10)
  An ice beast (D:8)
  A necrophage (D:10)
  4 centaurs
  2 ogres (D:8)
  A phantom (D:11)
  2 crocodiles (D:10)
  Blork the orc (D:7)
  6 big kobolds
  9 bullfrogs
  7 scorpions
  12 killer bees
  5 howler monkeys
  5 wights (D:7)
  8 crimson imps
  5 centaur zombies
  A bullfrog zombie (D:7)
  10 orc priests
  7 hounds
  3 bullfrog skeletons
  Ijyb (D:4)
  5 iguanas
  12 orc wizards
  11 worker ants
  A hound skeleton (D:8)
  A worker ant zombie (D:6)
  14 gnolls
  6 adders
  A river rat (D:3)
  A shadow imp (D:8)
  2 oozes (D:1)
  2 adder zombies
  4 adder skeletons
  7 worms
  2 dart slugs
  5 leopard geckos
  49 orcs
  10 giant cockroaches
  38 goblins
  33 hobgoblins
  10 jackals
  19 kobolds
  5 quokkas
  A ball python (D:1)
  5 bats
  6 frilled lizards
  A jackal skeleton (D:5)
  A leopard gecko skeleton (D:7)
  7 rats
  A plant (D:8)
374 creatures vanquished.

Vanquished Creatures (collateral kills)
  A hydra (D:11)
  An ugly thing (D:11)
  A cyclops (D:8)
  A warg (D:8)
  Robin (D:4)
  An adder (D:8)
  An orc (D:8)
  2 goblins (D:4)
9 creatures vanquished.

Vanquished Creatures (others)
  A centaur zombie (D:11)
  An orc warrior (D:8)
  A human (D:9)
  A bullfrog (D:8)
  A bullfrog skeleton (D:11)
  A hound zombie (D:11)
  2 goblins (D:3)
  A plant (D:11)
9 creatures vanquished.

Grand Total: 392 creatures vanquished

Notes
Turn   | Place    | Note
-------+----------+-------------------------------------------
     0 | D:1      | Gildeon the Spriggan Hunter began the quest for the Orb.
     0 | D:1      | Reached XP level 1. HP: 10/10 MP: 2/2
   125 | D:1      | Reached skill level 5 in Slings
   150 | D:1      | Reached XP level 2. HP: 14/14 MP: 3/3
   431 | D:1      | Reached XP level 3. HP: 18/18 MP: 4/4
  1176 | D:2      | Noticed a bullfrog
  1199 | D:2      | Killed a bullfrog
  1199 | D:2      | Reached XP level 4. HP: 22/22 MP: 5/5
  1456 | D:2      | Reached skill level 5 in Dodging
  1456 | D:2      | Reached XP level 5. HP: 25/25 MP: 6/6
  1459 | D:2      | Reached skill level 6 in Slings
  1658 | D:3      | Found a white marble altar of Elyvilon.
  1751 | D:3      | Reached skill level 5 in Stealth
  2127 | D:3      | Reached skill level 1 in Short Blades
  2226 | D:3      | Reached XP level 6. HP: 27/30 MP: 7/7
  2368 | D:3      | Reached skill level 7 in Slings
  2632 | D:3      | Reached XP level 7. HP: 36/36 MP: 8/8
  3203 | D:3      | Found a sparkling altar of Nemelex Xobeh.
  3211 | D:3      | Became a worshipper of Nemelex Xobeh the Trickster
  3237 | D:3      | Received a gift from Nemelex Xobeh
  4156 | D:4      | Identified the ring of Arrival {Ice MR+ Int-2 Dex+7 SInv}
  4277 | D:4      | Noticed Ijyb
  4583 | D:4      | Noticed Menkaure
  4614 | D:4      | Killed Menkaure
  4614 | D:4      | Reached skill level 8 in Slings
  4753 | D:4      | Killed Ijyb
  4753 | D:4      | Reached XP level 8. HP: 33/42 MP: 9/9
  4929 | D:4      | Noticed Robin
  4951 | D:4      | Killed Robin
  5002 | D:4      | Got a warped granite ring
  5091 | D:5      | Entered Level 5 of the Dungeon
  5317 | D:5      | Received a gift from Nemelex Xobeh
  5323 | D:5      | Reached skill level 5 in Short Blades
  5419 | D:5      | Reached * piety under Nemelex Xobeh
  5913 | D:5      | Found a hide-covered altar of Uskayaw.
  6238 | D:6      | Identified the ring "Baagral" {+Fly rElec rPois MR- SInv}
                  | (You found it on level 4 of the Dungeon)
  6296 | D:6      | Found a blossoming altar of Fedhas.
  6308 | D:6      | Learned a level 1 spell: Magic Dart
  6400 | D:6      | Reached skill level 9 in Slings
  6472 | D:6      | Reached skill level 5 in Fighting
  6500 | D:6      | Reached skill level 1 in Evocations
  6549 | D:6      | Found a snail-covered altar of Cheibriados.
  6619 | D:6      | Received a gift from Nemelex Xobeh
  6986 | D:7      | Reached ** piety under Nemelex Xobeh
  7030 | D:7      | Reached XP level 9. HP: 47/47 MP: 11/11
  7274 | D:7      | Found a staircase to the Ecumenical Temple.
  7293 | Temple   | Entered the Ecumenical Temple
  7391 | D:7      | Noticed Blork the orc
  7409 | D:7      | Killed Blork the orc
  7592 | D:7      | Found a shimmering blue altar of Sif Muna.
  8190 | D:7      | Reached skill level 10 in Slings
  8252 | D:7      | Found a radiant altar of Vehumet.
  8253 | D:7      | Found a bloodstained altar of Trog.
  8422 | D:7      | Received a gift from Nemelex Xobeh
  8722 | D:8      | Reached skill level 5 in Evocations
  8755 | D:8      | Noticed Joseph
  8837 | D:8      | Reached skill level 1 in Invocations
  9747 | D:8      | Noticed a two-headed ogre
  9751 | D:8      | Noticed a cyclops
  9751 | D:8      | a two-headed ogre changed into a cyclops
  9767 | D:8      | Killed a cyclops
  9767 | D:8      | Reached skill level 11 in Slings
  9767 | D:8      | Reached XP level 10. HP: 41/51 MP: 14/14
  9827 | D:8      | Got a shimmering dagger
  9917 | D:8      | Learned a level 1 spell: Confusing Touch
  9919 | D:8      | Learned a level 1 spell: Corona
 10183 | D:8      | Killed Joseph
 11003 | D:9      | Found a staircase to the Orcish Mines.
 11047 | D:9      | Found a runed translucent gate.
 11050 | D:9      | Found a runed translucent gate.
 11050 | D:9      | Found a runed translucent gate.
 11078 | D:9      | Received a gift from Nemelex Xobeh
 11109 | D:9      | Noticed tonywhite87's ghost (journeyman GrFi)
 11195 | D:9      | Reached *** piety under Nemelex Xobeh
 11221 | D:9      | Found an ancient bone altar of Kikubaaqudgha.
 11260 | D:9      | Found an opulent altar of Gozag.
 11732 | D:10     | Entered Level 10 of the Dungeon
 11897 | D:10     | Reached skill level 5 in Invocations
 12052 | D:10     | Reached skill level 12 in Slings
 12171 | D:10     | Received a gift from Nemelex Xobeh
 12253 | D:10     | Reached skill level 10 in Short Blades
 12446 | D:10     | Noticed a two-headed ogre
 12520 | D:10     | Killed a two-headed ogre
 12873 | D:10     | Reached XP level 11. HP: 31/55 MP: 16/16
 13140 | D:10     | Found a staircase to the Lair.
 13251 | D:10     | Noticed Erica
 13516 | D:11     | Received a gift from Nemelex Xobeh
 13516 | D:11     | Noticed a brown ugly thing
 13520 | D:11     | Noticed an orb spider
 13520 | D:11     | a troll changed into an orb spider
 13520 | D:11     | Noticed a seven-headed hydra
 13521 | D:11     | Killed a brown ugly thing
 13800 | D:11     | Found the +3 pair of gauntlets of War {Slay+5}
 14051 | D:11     | Noticed a five-headed hydra
 14101 | D:11     | Killed a five-headed hydra
 14240 | D:11     | Killed a seven-headed hydra
 14256 | D:11     | Found a shattered altar of Ashenzari.
 14301 | D:11     | Noticed Fuosour's ghost (journeyman HOBe)
 14302 | D:11     | Found a runed translucent gate.
 14303 | D:11     | Found a runed translucent gate.
 14305 | D:11     | Found a runed translucent gate.
 14309 | D:11     | Noticed a 12-headed hydra
 14310 | D:11     | Noticed a ten-headed hydra
 14396 | D:11     | Reached skill level 5 in Spellcasting
 14425 | D:11     | Killed an orb spider
 14487 | D:11     | Noticed Nergalle
 14502 | D:11     | Killed Nergalle
 14570 | D:11     | Received a gift from Nemelex Xobeh
 14585 | D:11     | Found a radiant altar of Vehumet.
 14614 | D:11     | Reached **** piety under Nemelex Xobeh
 14687 | D:11     | Killed from afar by a manticore

Levels and vault maps discovered:
D:1:      lemuel_arrival_behind_the_door_small, layout_loops_ring
D:2:      layout_basic, chequers_jeans
D:3:      minmay_goblin_kobold_castle, layout_basic, elyvilon_altar_4,
          nemelex_xobeh_ov_fountains_minmay, first_ration, portal_sewer_entry_b
D:4:      kennysheep_goblin_castle, layout_basic, uniq_ijyb, uniq_menkaure
D:5:      layout_basic, lemuel_coloured_pillars_altar
D:6:      wad_crossroads, layout_basic, lemuel_round_altar,
          kennysheep_slug_shrine
D:7:      layout_gridville, tgw_sif, minitemple,
          minmay_temple_entry_statues_pillars
D:8:      layout_rooms, blue_anna_alchemist [blue_anna_fruit_fields,
          blue_anna_fruit_fields], minmay_misc_feat_square,
          lightli_corner_chamber, uniq_joseph
D:9:      layout_loops_ring, nicolae_gozag_seed_capital, erik_orc_3,
          ebering_ghost_rock_garden, hex_medium, tgw_kikubaaqudgha
D:10:     layout_basic, erik_lair_dragon, hangedman_corner_corridor, uniq_erica
D:11:     minmay_the_grid_triangle_9x9_recursive_3
          [minmay_the_grid_triangle_9x9_checkered,
          minmay_the_grid_triangle_9x9_corrupted_corridor,
          minmay_the_grid_triangle_9x9_negative_grid,
          minmay_the_grid_triangle_9x9_prize_top_heavy,
          minmay_the_grid_triangle_9x9_subtriangle,
          minmay_the_grid_triangle_9x9_cache,
          minmay_the_grid_triangle_9x9_flanged_cone,
          minmay_the_grid_triangle_9x9_descending_squares,
          minmay_the_grid_triangle_9x9_pentomino_pain], layout_cave_pools,
          basic_altar, portal_ice_cave_entry_pillars_2,
          gammafunk_ghost_hydra_chop, evilmike_ruin_ashenzari, uniq_nergalle
Temple:   eino_temple_lava

Skill      XL: |  1  2  3  4  5  6  7  8  9 10 11 |
---------------+----------------------------------+-----
Stealth        | 2 4 5 6 9 |  9.9
Slings         | 5 6 7 8 9 11 12 | 12.0
Dodging        | 4 5 6 9 |  9.4
Fighting       | 2 3 4 5 |  5.0
Short Blades   | 1 2 4 6 8 10 | 10.0
Evocations     | 2 5 |  5.1
Invocations    | 3 5 |  5.0
Spellcasting   | 2 5 |  5.0
Conjurations   | |  0.5

Action                   |  1- 3 |  4- 6 |  7- 9 | 10-12 || total
-------------------------+-------+-------+-------+-------++-------
Melee: Dagger            |       |       |    88 |       ||    88
 Fire: Hunting sling     |    91 |   243 |   767 |   617 ||  1718
 Abil: Draw Destruction  |       |       |     6 |    22 ||    28
       Draw Summoning    |       |       |     2 |     2 ||     4
       Draw Escape       |       |       |     3 |       ||     3
       Evoke Flight      |       |       |     1 |       ||     1
Evoke: Wand              |       |       |     3 |     6 ||     9
  Use: Scroll            |     6 |     1 |    17 |     3 ||    27
  Eat: Ration            |       |       |     3 |     1 ||     4
Armor: Robe              |       |     1 |    12 |     3 ||    16
Dodge: Dodged            |    13 |    40 |   131 |   140 ||   324
Block: Other             |       |     7 |    14 |    12 ||    33
       Reflection        |       |     3 |       |       ||     3
